 Dungeon Crawl Stone Soup version 0.28.0 (webtiles) character file.

Game seed: 5034566989449906772

9 GrayStillPlays the Skirmisher (level 2, 12/24 HPs)
             Began as a Demonspawn Fighter on Feb 13, 2022.
             Quit the game on level 1 of the Dungeon.
             The game lasted 00:00:21 (99 turns).

GrayStillPlays the Skirmisher (Demonspawn Fighter)    Turns: 99, Time: 00:00:21

Health: 12/24      AC:  6    Str: 16    XL:     2   Next: 3%
Magic:  2/2        EV:  9    Int:  9    God:
Gold:   0          SH:  4    Dex: 12    Spells: 1/1 levels left

rFire   . . .      SeeInvis .   a - +0 war axe {axe}
rCold   . . .      Faith    .   c - +0 buckler
rNeg    . . .      Spirit   .   b - +0 scale mail
rPois   .          Reflect  .   (no helmet)
rElec   .          Harm     .   (no cloak)
rCorr   .          Rampage  .   (no gloves)
Will    .....                   (no boots)
Stlth   ..........              (no amulet)
HPRegen 0.08/turn               (no ring)
MPRegen 0.08/turn               (no ring)

@: no status effects
A: foul stench 1
a: no special abilities


You were on level 1 of the Dungeon.
You visited 1 branch of the dungeon, and saw 1 of its levels.


Innate Abilities, Weirdness & Mutations

You may rarely emit foul miasma when damaged in melee.


   Skills:
 + Level 3.1 Fighting
 + Level 1.9 Axes
 + Level 2.8 Armour
 + Level 0.4 Dodging
 + Level 2.8 Shields


You had one spell level left.
You didn't know any spells.
Your spell library was empty.

Inventory:

Hand Weapons
 a - a +0 war axe (weapon) {axe}
Missiles
 e - 3 boomerangs (quivered) {throwing}
Armour
 b - a +0 scale mail (worn)
 c - a +0 buckler (worn)
Potions
 d - a potion of might
 f - 3 potions of magic {unknown}

Dungeon Overview and Level Annotations

Branches:
Dungeon (1/15)

Altars:

.## .....# ..#
#####.....# ..#
##..!...... ..###
#..#.....# ....#
#.##.....# ###.#
#.##.....# #.##
###.##..(..# #..#
#...##.....#.
#..#
###.#..@.......#
#..#
#...#.###...####
#..## #.#...#
...## #...#
##...### ..##
#.#.###...## ..#
#.#..##..## ...#
#.##.....# .#
.................
###.#....#######.


There were no monsters in sight!


Message History

You hit the jackal. You miss the jackal. The jackal barely misses you. x2
You block the jackal's attack. The jackal barely misses you.
You hit the jackal. x2
The jackal bites you but does no damage.
You block the jackal's attack.
The jackal bites you but does no damage. x2
You barely miss the jackal. You closely miss the jackal.
The jackal bites you but does no damage.
The jackal barely misses you. x2; You block the jackal's attack.
You hit the jackal but do no damage. You hit the jackal.
You kill the jackal!
The jackal barely misses you. x2
You slash the jackal!
You kill the jackal!
No target in view!
No target in view!
You see here a jackal corpse.
You see here a jackal corpse.
e - 3 boomerangs {throwing}
Found a stone staircase leading down.
f - 3 viscous golden potions No target in view!
No target in view!
No target in view!
No target in view!
A ball python comes into view.
The ball python hisses angrily.
You hear a shout!
A kobold comes into view. It is wielding a +0 short sword.
There are monsters nearby!
There are monsters nearby!
There are monsters nearby!
A kobold comes into view. It is wielding a +0 whip.
A frilled lizard comes into view.
The frilled lizard hisses angrily.
The kobold shouts!
You hit the ball python.
You kill the ball python!
A rat comes into view.
The kobold hits you but does no damage.
You barely miss the kobold.
The kobold hits you but does no damage. x2
A hobgoblin comes into view.
You barely miss the kobold. You hit the kobold but do no damage.
The kobold barely misses you. The kobold hits you but does no damage.
You closely miss the frilled lizard. You hit the kobold but do no damage.
You barely miss the kobold. You block the kobold's attack.
The kobold hits you but does no damage.
The frilled lizard bites you but does no damage.
The kobold closely misses you. The kobold hits you but does no damage.
The frilled lizard bites you but does no damage.
You miss the frilled lizard. You closely miss the kobold.
You completely miss the kobold. The kobold hits you with a +0 whip.
The kobold hits you with a +0 short sword.
The frilled lizard completely misses you. 😕 HP[-3]
You take 3 damage, and now have 15/18 hp.
You closely miss the rat. You closely miss the kobold.
You barely miss the kobold. You barely miss the frilled lizard.
The kobold hits you but does no damage. You block the kobold's attack.
The frilled lizard barely misses you. The rat bites you but does no damage.
The kobold hits you with a +0 whip. The kobold hits you but does no damage.
The frilled lizard bites you but does no damage. 😮 HP[-4]
You take 4 damage, and now have 11/18 hp.
MASSIVE DAMAGE!! (PAUSE)
The kobold hits you but does no damage. The hobgoblin hits you.
* * * LOW HITPOINT WARNING * * *
😨 HP[-3]
You take 3 damage, and now have 8/18 hp.
You hit the rat.
You kill the rat!
The hobgoblin hits you but does no damage.
You hit the hobgoblin. You block the hobgoblin's attack.
You slash the hobgoblin!
You kill the hobgoblin!
You slash the kobold!
You kill the kobold!
The frilled lizard hisses.
You slash the kobold!
You kill the kobold!
You block the frilled lizard's attack.
You have reached level 2!
Your demonic ancestry asserts itself...
You begin to emit a foul stench of rot and decay. 😨 HP[+4] MP[+1]
You now have 24 max hp (+6).
You regained 4 hp, and now have 12/24 hp.
Your mp is fully restored (2).
You miss the frilled lizard. You block the frilled lizard's attack.
You closely miss the frilled lizard.
The frilled lizard bites you but does no damage.
The frilled lizard barely misses you.
You miss the frilled lizard.
The frilled lizard bites you but does no damage.
You hit the frilled lizard but do no damage.
The frilled lizard closely misses you. You block the frilled lizard's attack.
You slash the frilled lizard!
You kill the frilled lizard!
Items here: )) ††††.
Autopickup is now off.
Autopickup is now on.
Are you sure you want to abandon this character and quit the game? (Confirm with "yes".)

Action                   || total
-------------------------++-------
Melee: War axe           ||    23
Armor: Scale mail        ||    22
Dodge: Dodged            ||    16
Block: Buckler           ||     9

Levels and vault maps discovered:
D:1:      dpeg_arrival_tiny_a, layout_rooms

Notes
Turn   | Place    | Note
-------+----------+-------------------------------------------
     0 | D:1      | GrayStillPlays the Demonspawn Fighter began the quest for
                  | the Orb.
     0 | D:1      | Reached XP level 1. HP: 18/18 MP: 1/1
     0 | D:1      | magus.rc [v1.9.6]
    93 | D:1      | Gained mutation: You may rarely emit foul miasma when
                  | damaged in melee. [demonic ancestry]
    93 | D:1      | Reached XP level 2. HP: 12/24 MP: 2/2
    99 | D:1      | Quit the game

Vanquished Creatures
  A hobgoblin (D:1)
  2 jackals (D:1)
  2 kobolds (D:1)
  A ball python (D:1)
  A frilled lizard (D:1)
  A rat (D:1)
8 creatures vanquished.

Table legend:
 A = Non-vault XP
 B = Vault XP
 C = Vault XP percentage of total XP
 D = Non-vault monster count
 E = Vault monster count
 F = Vault count percentage of total count
                 A         B        C        D         E       F
            +---------+---------+-------+---------+---------+-------
      Total |      13 |       0 |   0.0 |       8 |       0 |   0.0
            +---------+---------+-------+---------+---------+-------
        D:1 |      13 |       0 |   0.0 |       8 |       0 |   0.0
            +---------+---------+-------+---------+---------+-------

Illustrated notes

Table legend:
 A = Kills in this place as a percentage of kills in entire the game.
 B = Kills by you in this place as a percentage of kills by you in the entire game.
 C = Kills by friends in this place as a percentage of kills by friends in the entire game.
 D = Other kills in this place as a percentage of other kills in the entire game.
 E = Experience gained in this place as a percentage of experience gained in the entire game.
 F = Experience gained in this place divided by the number of levels of this place that you have seen.
                   A       B       C       D       E      F
               +-------+-------+-------+-------+-------+----------------------
         Total | 100.0 | 100.0 |   N/A |   N/A | 100.0 |  13.0
       Dungeon | 100.0 | 100.0 |   N/A |   N/A | 100.0 |  13.0
               +-------+-------+-------+-------+-------+----------------------

Table legend: (Time is in decaauts)
 A = Elapsed time spent in this place.
 B = Non-inter-level travel time spent in this place.
 C = Inter-level travel time spent in this place.
 D = Time resting spent in this place.
 E = Time spent auto-exploring this place.
 F = Levels seen in this place.
 G = Mean time per level.
                   A        B        C        D        E       F      G
               +--------+--------+--------+--------+--------+-----+--------+
         Total |    109 |    109 |      0 |      0 |     62 |   1 |  109.0 |
       Dungeon |    109 |    109 |      0 |      0 |     62 |   1 |  109.0 |
               +--------+--------+--------+--------+--------+-----+--------+

Top non-repeatable levels by time:
     D:1: 109 daAuts
